Map: Dusk Towers

Players

WildCatBrown - Winner!

  • Race: Protoss Protoss
  • League: Bronze

Marc

  • Race: Zerg Zerg
  • League: Bronze

VOD

Have the link to the VOD?

Description

Time

  • Played on: Dec. 22, 2015, 9:48 a.m.
  • Length: 22:45
Show
View Real Time Build Order
Export as new Build Order

WildCatBrown Protoss - Winner!

Build Orders:  

Get SALT Encoding   

  12  0:01  Probe (Chrono Boost)  
  13  0:11  Probe (Chrono Boost)  
  14  0:19  Pylon  
  14  0:22  Probe (Chrono Boost)  
  15  0:38  Probe (Chrono Boost)  
  15  0:41  Gateway  
  16  0:48  Probe (Chrono Boost)  
  17  0:57  Assimilator  
  17  0:59  Probe (Chrono Boost)  
  18  1:09  Probe (Chrono Boost)  
  19  1:20  Gateway, Probe (Chrono Boost)  
  19  1:23  Assimilator  
  20  1:31  Zealot  
  22  1:33  Probe (Chrono Boost)  
  23  1:49  Nexus  
  23  2:14  Cybernetics Core  
  23  2:25  Pylon  
  23  2:38  Pylon  
  23  2:43  Probe (Chrono Boost)  
  24  2:54  Twilight Council, Probe (Chrono Boost)  
  24  2:57  Forge  
  24  3:05  Probe (Chrono Boost)  
  25  3:14  Probe (Chrono Boost)  
  25  3:15  Probe (Chrono Boost)  
  27  3:21  Adept x2  
  27  3:25  Probe (Chrono Boost)  
  32  3:31  Probe (Chrono Boost)  
  32  3:33  Warp Gate (Chrono Boost), Assimilator  
  32  3:34  Probe (Chrono Boost)  
  33  3:36  Assimilator  
  33  3:39  Pylon  
  34  3:44  Probe  
  35  3:55  Pylon  
  35  3:56  Probe  
  35  3:58  Resonating Glaives  
  36  4:14  Zealot  
  36  4:15  Zealot  
  36  4:16  Probe x2  
  42  4:27  Probe  
  42  4:30  Protoss Ground Weapons Level 1 (Chrono Boost)  
  43  4:37  Probe  
  43  4:45  Gateway  
  44  4:47  Gateway  
  44  4:48  Probe, Adept  
  44  4:49  Gateway, Adept  
  49  5:01  Photon Cannon  
  49  5:05  Probe  
  50  5:10  Pylon  
  50  5:17  Probe, Pylon  
  51  5:29  Probe  
  51  5:34  Robotics Facility  
  52  5:38  Adept  
  52  5:39  Adept  
  56  5:48  Adept x3  
  62  5:55  Probe x2  
  64  6:06  Probe  
  64  6:08  Mothership Core  
  67  6:12  Photon Cannon  
  67  6:16  Probe  
  68  6:18  Protoss Ground Weapons Level 2 (Chrono Boost)  
  68  6:22  Warp Prism  
  70  6:29  Probe  
  71  6:33  Pylon  
  71  6:39  Blink  
  59  6:54  Adept x5  
  69  7:06  Gateway  
  69  7:10  Pylon  
  69  7:13  Immortal  
  73  7:27  Adept x5  
  83  7:36  Gateway  
  83  7:40  Gateway  
  83  7:42  Robotics Facility  
  83  7:58  Zealot x5  
  93  8:13  Pylon  
  93  8:16  Protoss Ground Armor Level 1 (Chrono Boost)  
  93  8:20  Pylon  
  93  8:31  Warp Prism  
  95  8:35  Probe  
  96  8:48  Pylon  
  96  8:50  Adept x4  
  96  8:51  Adept x2  
  106  9:46  Adept x5  
  106  9:47  Adept  
  108  10:16  Adept x5  
  116  10:25  Pylon  
  116  10:29  Pylon  
  114  10:49  Immortal  
  118  11:05  Nexus  
  118  11:07  Assimilator  
  118  11:12  Assimilator  
  118  11:14  Protoss Ground Weapons Level 3 (Chrono Boost)  
  118  11:17  Pylon  
  98  11:26  Pylon  
  98  11:27  Adept x3  
  98  11:28  Immortal, Adept x5  
  88  12:08  Immortal  
  92  12:17  Zealot x3  
  92  12:18  Zealot x3  
  92  12:19  Zealot x2  
  104  13:04  Zealot x2  
  104  13:05  Zealot x5  
  106  13:06  Zealot  
  92  13:37  Protoss Ground Armor Level 2 (Chrono Boost)  
  92  13:49  Zealot x3  
  92  13:53  Nexus  
  92  13:57  Pylon  
  92  13:59  Immortal, Pylon  
  92  14:02  Pylon  
  96  14:09  Robotics Facility  
  96  14:12  Robotics Facility  
  96  14:14  Robotics Bay  
  96  14:33  Gateway  
  96  14:36  Gateway  
  96  14:39  Immortal  
  100  14:57  Zealot x3  
  100  14:58  Zealot  
  98  15:32  Gravitic Drive  
  98  15:35  Disruptor x3  
  107  16:23  Adept x6  
  117  16:54  Stalker x5  
  117  16:55  Stalker x3  
  125  17:26  Nexus  
  125  17:36  Pylon  
  125  17:39  Probe  
  66  19:09  Stalker x2  
  70  19:10  Stalker x5  
  70  19:11  Stalker x2, Assimilator  
  70  19:14  Immortal x2  
  70  19:15  Assimilator  
  92  19:24  Warp Prism  
  92  19:31  Probe  
  95  19:41  Probe  
  96  19:52  Warp Prism  
  98  20:06  Protoss Ground Armor Level 3 (Chrono Boost)  
  98  20:13  Immortal x3  
  110  20:27  Dark Shrine  
  110  20:32  Templar Archives  
  110  20:56  Adept x3  
  110  20:57  Adept x6  
  118  20:58  Adept  
  102  21:58  Zealot x3  
  102  21:59  Zealot x3  
  114  22:20  Dark Templar x3  
  114  22:21  Dark Templar x6  
  114  22:22  Dark Templar  
Show
View Real Time Build Order
Export as new Build Order

Marc Zerg 

Build Orders: Pool First 

Get SALT Encoding   

  12  0:03  Drone  
  14  0:14  Drone  
  14  0:20  Overlord  
  14  0:25  Extractor  
  14  0:26  Drone  
  14  0:41  Spawning Pool  
  13  0:47  Drone  
  13  0:49  Drone  
  15  0:57  Drone  
  16  1:15  Drone x2  
  18  1:23  Overlord  
  18  1:34  Queen  
  18  1:36  Roach Warren, Drone  
  20  1:41  Extractor  
  19  1:50  Drone  
  21  1:54  Drone  
  21  2:04  Drone  
  22  2:10  Lair  
  22  2:30  Hatchery  
  22  2:31  Drone  
  22  2:32  Drone  
  23  2:44  Drone  
  23  2:47  Roach x2  
  28  2:53  Roach  
  30  2:59  Overlord  
  30  3:19  Glial Reconstitution  
  30  3:22  Drone x3  
  33  3:40  Roach  
  35  3:58  Roach  
  35  3:59  Roach x3  
  43  4:04  Drone  
  43  4:06  Overlord  
  44  4:21  Hatchery  
  43  4:32  Drone x5  
  43  4:33  Drone  
  49  4:40  Queen  
  51  5:04  Drone  
  52  5:08  Extractor  
  52  5:12  Overlord x2, Extractor  
  50  5:19  Roach  
  52  5:22  Overlord x2  
  52  5:23  Overlord  
  52  5:35  Drone  
  53  5:36  Queen  
  55  5:44  Drone x4  
  55  5:49  Roach  
  65  5:50  Roach x5  
  71  6:01  Evolution Chamber  
  70  6:07  Evolution Chamber  
  70  6:11  Drone x5  
  71  6:12  Drone x2  
  74  7:01  Drone x2  
  76  7:02  Drone  
  76  7:06  Roach x5  
  76  7:07  Roach x4  
  95  7:40  Zerg Missile Weapons Level 1, Zerg Melee Weapons Level 1  
  95  8:05  Infestation Pit  
  95  8:11  Tunneling Claws  
  94  8:16  Roach x2  
  98  8:21  Overlord x4  
  98  8:22  Overlord x2  
  98  8:31  Evolution Chamber  
  97  9:07  Hatchery  
  94  9:25  Roach x6  
  94  9:26  Roach x7  
  94  9:27  Roach x6  
  94  9:28  Roach x6  
  94  9:29  Roach  
  146  9:41  Zerg Missile Weapons Level 2, Zerg Melee Weapons Level 2  
  146  9:42  Zerg Ground Armor Level 1  
  146  9:47  Hive  
  141  10:38  Drone  
  141  10:39  Drone x6  
  141  10:40  Drone  
  149  11:03  Spore Crawler  
  140  11:26  Roach x6  
  140  11:27  Roach x3  
  140  11:28  Roach x2  
  140  11:29  Roach x2  
  140  11:31  Overlord x4  
  144  11:45  Zerg Ground Armor Level 2  
  142  11:53  Ultralisk Cavern  
  138  12:29  Roach x2  
  146  12:30  Roach x2  
  143  12:40  Chitinous Plating  
  143  12:44  Ultralisk  
  147  12:57  Queen  
  134  13:18  Spire  
  131  13:35  Drone x4  
  131  13:36  Drone x4  
  131  13:39  Drone x5  
  143  14:08  Hatchery  
  142  14:25  Zerg Melee Weapons Level 3  
  142  14:32  Extractor  
  142  14:36  Extractor  
  139  14:56  Extractor  
  139  14:58  Extractor  
  137  15:00  Mutalisk  
  137  15:47  Queen  
  137  15:49  Queen  
  141  15:52  Mutalisk x2  
  145  16:25  Zerg Ground Armor Level 3  
  145  16:35  Queen  
  146  17:18  Hatchery  
  93  17:57  Ultralisk x2  
  93  17:58  Ultralisk x3  
  123  17:59  Ultralisk  
  123  18:01  Zergling x2  
  123  18:02  Zergling x14  
  123  18:03  Zergling x4  
  52  18:52  Zergling x4  
  52  18:53  Zergling x8  
  28  19:06  Zergling x4  
  30  19:15  Metabolic Boost  
  30  19:19  Queen  
  24  19:42  Ultralisk  
  24  19:43  Ultralisk x2  
  42  20:12  Ultralisk  
  48  20:22  Extractor  
  48  20:23  Drone x3  
  50  20:33  Zergling x10  
  50  20:34  Zergling x12  
  50  20:35  Zergling x4  
  63  20:56  Ultralisk x2  
  75  21:09  Drone x2  
  38  21:26  Zergling x4  
  38  21:27  Zergling x14  
  38  21:28  Zergling x10  
  33  21:55  Zergling x8  
  29  22:09  Zergling x6  
  29  22:10  Zergling x10  
Tags
 
Add a new tag
Caveats
  • Supply blocks, unpowered buildings, or Contaminate may cause inaccurate times.
  • Supply counts are checked every 10 seconds.